TOP OF THE 1ST |
Miami Marlins batting - Pitching for Colorado Rockies : RHP Anthony Bass
|
Pitching: RHP Anthony Bass
|
|
Batting: RHB Ian Desmond
|
0-0: Called Strike 0-1: Hit by Pitch
|
Batting: RHB Dan Robertson
|
0-0: Ball 1-0: Ball 2-0: Foul Ball, location: 2F 2-1: Fly out, F8 (Line Drive, 8LD)
|
Batting: SHB Francisco Lindor
|
0-0: Called Strike 0-1: Fielders Choice at 2nd, 3-6 (Groundball, 3)
|
Batting: RHB Yasmany Tomas
|
0-0: Ball 1-0: Called Strike 1-1: Ball 2-1: Ball 3-1: Swinging Strike 3-2: Foul Ball, location: 2F 3-2: Foul Ball, location: 2F 3-2: SINGLE (Line Drive, 8LS) Francisco Lindor to second Francisco Lindor to third
|
Batting: RHB C.J. Cron
|
0-0: SINGLE (Line Drive, 6M) Francisco Lindor scores Yasmany Tomas to second
|
Batting: RHB Rob Refsnyder
|
0-0: Called Strike 0-1: Ball 1-1: Called Strike 1-2: Strikes out looking
|
Top of the 1st over - 1 run, 2 hits, 0 errors, 2 left on base; Miami 1 - Colorado 0 |
BOTTOM OF THE 1ST |
Colorado Rockies batting - Pitching for Miami Marlins : RHP Bartolo Colon
|
Pitching: RHP Bartolo Colon
|
|
Batting: LHB Jake Bauers
|
0-0: Ball 1-0: Swinging Strike 1-1: Foul Ball, location: 2F 1-2: Strikes out looking
|
Batting: RHB Anthony Alford
|
0-0: Ball 1-0: Ball 2-0: Fly out, F9 (Line Drive, 9)
|
Batting: RHB Brandon Guyer
|
0-0: Ball 1-0: Ball 2-0: Called Strike 2-1: Foul Ball, location: 2F 2-2: Ball 3-2: Strikes out swinging
|
Bottom of the 1st over - 0 runs, 0 hits, 0 errors, 0 left on base; Miami 1 - Colorado 0 |
TOP OF THE 2ND |
Miami Marlins batting - Pitching for Colorado Rockies : RHP Anthony Bass
|
Batting: RHB Danny Valencia
|
0-0: Called Strike 0-1: DOUBLE (Flyball, 8LXD)
|
Batting: RHB Francisco Pena
|
0-0: Called Strike 0-1: Swinging Strike 0-2: Ball 1-2: Ball 2-2: Foul Ball, location: 2F 2-2: Foul Ball, location: 2F 2-2: Foul Ball, location: 2F 2-2: Foul Ball, location: 2F 2-2: Foul Ball, location: 2F 2-2: Ball 3-2: Fly out, F8 (Flyball, 8LS)
|
Batting: RHB Bartolo Colon
|
0-0: Called Strike 0-1: Ground out 3-1 (Groundball, 34) Danny Valencia to third
|
Batting: RHB Ian Desmond
|
0-0: Fly out, F6 (Flyball, 6MD)
|
Top of the 2nd over - 0 runs, 1 hit, 0 errors, 1 left on base; Miami 1 - Colorado 0 |
BOTTOM OF THE 2ND |
Colorado Rockies batting - Pitching for Miami Marlins : RHP Bartolo Colon
|
Batting: RHB Brett Lawrie
|
0-0: Called Strike 0-1: Ball 1-1: Fly out, F2 (Popup, 15S)
|
Batting: RHB Bryce Brentz
|
0-0: Ball 1-0: Ball 2-0: Ground out U3 (Groundball, 3)
|
Batting: RHB Jordy Mercer
|
0-0: Ball 1-0: Fly out, F8 (Line Drive, 8RM)
|
Bottom of the 2nd over - 0 runs, 0 hits, 0 errors, 0 left on base; Miami 1 - Colorado 0 |
TOP OF THE 3RD |
Miami Marlins batting - Pitching for Colorado Rockies : RHP Anthony Bass
|
Batting: RHB Dan Robertson
|
0-0: Ball 1-0: SINGLE (Groundball, 5) (infield hit)
|
Batting: SHB Francisco Lindor
|
0-0: Ball 1-0: Ball 2-0: Foul Ball, location: 2F 2-1: Foul Ball, location: 2F 2-2: Ball 3-2: Base on Balls Dan Robertson to second
|
Batting: RHB Yasmany Tomas
|
0-0: Grounds into double play, 6-4-3 (Groundball, 56) Dan Robertson to third
|
Batting: RHB C.J. Cron
|
0-0: Called Strike 0-1: SINGLE (Line Drive, 78S) Dan Robertson scores
|
Batting: RHB Rob Refsnyder
|
0-0: Ball 1-0: SINGLE (Groundball, 3D) C.J. Cron to second Runner from 2nd tries for 3rd, SAFE, throw by RF made to third
|
Batting: RHB Danny Valencia
|
0-0: Swinging Strike 0-1: Called Strike 0-2: Ball 1-2: Ball 2-2: Foul Ball, location: 2F 2-2: Strikes out swinging
|
Top of the 3rd over - 1 run, 3 hits, 0 errors, 2 left on base; Miami 2 - Colorado 0 |
BOTTOM OF THE 3RD |
Colorado Rockies batting - Pitching for Miami Marlins : RHP Bartolo Colon
|
Batting: RHB Martin Prado
|
0-0: SINGLE (Line Drive, 8LS)
|
Batting: SHB Sandy Leon
|
0-0: Called Strike 0-1: Ball 1-1: Grounds into double play, 3-6-3 (Groundball, 34)
|
Batting: RHB Anthony Bass
|
0-0: Called Strike 0-1: Ground out 4-3 (Groundball, 34)
|
Bottom of the 3rd over - 0 runs, 1 hit, 0 errors, 0 left on base; Miami 2 - Colorado 0 |
TOP OF THE 4TH |
Miami Marlins batting - Pitching for Colorado Rockies : RHP Anthony Bass
|
Batting: RHB Francisco Pena
|
0-0: Swinging Strike 0-1: DOUBLE (Groundball, 5L)
|
Batting: RHB Bartolo Colon
|
0-0: Sac Bunt to P - play at first, batter OUT! 1-4 Francisco Pena to third
|
Batting: RHB Ian Desmond
|
0-0: Called Strike 0-1: Ball 1-1: Ball 2-1: Called Strike 2-2: Ball 3-2: Base on Balls
|
Batting: RHB Dan Robertson
|
0-0: Called Strike 0-1: Fly out, F8 (Flyball, 8RXD) Runner from 3rd tags up, SCORES, no throw by CF
|
Batting: SHB Francisco Lindor
|
0-0: Called Strike 0-1: Foul Ball, location: 2F 0-2: Ground out 5-3 (Groundball, 56S)
|
Top of the 4th over - 1 run, 1 hit, 0 errors, 1 left on base; Miami 3 - Colorado 0 |
BOTTOM OF THE 4TH |
Colorado Rockies batting - Pitching for Miami Marlins : RHP Bartolo Colon
|
Batting: LHB Jake Bauers
|
0-0: Called Strike 0-1: Ball 1-1: Ball 2-1: SINGLE (Flyball, 7S)
|
Batting: RHB Anthony Alford
|
0-0: Swinging Strike 0-1: Ball 1-1: Called Strike 1-2: SINGLE (Line Drive, 34D) Jake Bauers to second Runner from 2nd tries for 3rd, SAFE, throw by RF made to third
|
Batting: RHB Brandon Guyer
|
0-0: Swinging Strike 0-1: Ball 1-1: Ball 2-1: Fly out, F8 (Flyball, 8RD) Runner from 3rd tags up, SCORES, no throw by CF
|
Batting: RHB Brett Lawrie
|
0-0: Ball 1-0: Ball 2-0: Grounds into double play, 1-6-3 (Groundball, 13S)
|
Bottom of the 4th over - 1 run, 2 hits, 0 errors, 0 left on base; Miami 3 - Colorado 1 |
TOP OF THE 5TH |
Miami Marlins batting - Pitching for Colorado Rockies : RHP Anthony Bass
|
Pitching: RHP Tom Eshelman
|
|
Batting: RHB Yasmany Tomas
|
0-0: Ball 1-0: SINGLE (Flyball, 56D)
|
Batting: RHB C.J. Cron
|
0-0: Called Strike 0-1: Foul Ball, location: 2F 0-2: Foul Ball, location: 2F 0-2: SINGLE (Groundball, 6D) Yasmany Tomas to second
|
Batting: RHB Rob Refsnyder
|
0-0: Ball 1-0: Called Strike 1-1: Ball 2-1: Ball 3-1: Swinging Strike 3-2: Foul Ball, location: 2F 3-2: Foul Ball, location: 2F 3-2: Fly out, F9 (Flyball, 89M)
|
Batting: RHB Danny Valencia
|
0-0: Called Strike 0-1: Foul Ball, location: 2F 0-2: Foul Ball, location: 2F 0-2: Fly out, F7 (Flyball, 7)
|
Batting: RHB Francisco Pena
|
0-0: Ball 1-0: Swinging Strike 1-1: Called Strike 1-2: Ball 2-2: Ball 3-2: Strikes out swinging
|
Top of the 5th over - 0 runs, 2 hits, 0 errors, 2 left on base; Miami 3 - Colorado 1 |
BOTTOM OF THE 5TH |
Colorado Rockies batting - Pitching for Miami Marlins : RHP Bartolo Colon
|
Batting: RHB Bryce Brentz
|
0-0: Foul Ball, location: 2F 0-1: Ball 1-1: Foul Ball, location: 2F 1-2: Foul Ball, location: 2F 1-2: Foul Ball, location: 2F 1-2: Single, Error in OF, E7, batter to second base (Groundball, 6D)
|
Batting: RHB Jordy Mercer
|
0-0: Ball 1-0: Ground out 4-3 (Groundball, 4) Bryce Brentz to third
|
Batting: RHB Martin Prado
|
0-0: Ground out 4-3 (Groundball, 4)
|
Batting: SHB Sandy Leon
|
0-0: Swinging Strike 0-1: Ground out 6-3 (Groundball, 6)
|
Bottom of the 5th over - 0 runs, 1 hit, 1 error, 1 left on base; Miami 3 - Colorado 1 |
TOP OF THE 6TH |
Miami Marlins batting - Pitching for Colorado Rockies : RHP Tom Eshelman
|
Batting: RHB Bartolo Colon
|
0-0: Ball 1-0: Ground out 5-3 (Groundball, 56)
|
Batting: RHB Ian Desmond
|
0-0: SINGLE (Line Drive, 9LS)
|
Pitching: RHP Mauricio Cabrera
|
|
Batting: RHB Dan Robertson
|
0-0: Foul Ball, location: 2F 0-1: Foul Ball, location: 2F 0-2: Ball 1-2: Ball 2-2: Foul Ball, location: 2F 2-2: Foul Ball, location: 2F 2-2: Fly out, F9 (Line Drive, 9)
|
Batting: SHB Francisco Lindor
|
0-0: Ball 1-0: Called Strike 1-1: Called Strike 1-2: Ball 2-2: Ball 3-2: Foul Ball, location: 2F 3-2: Strikes out swinging
|
Top of the 6th over - 0 runs, 1 hit, 0 errors, 1 left on base; Miami 3 - Colorado 1 |
BOTTOM OF THE 6TH |
Colorado Rockies batting - Pitching for Miami Marlins : RHP Bartolo Colon
|
Batting: RHB Mauricio Cabrera
|
0-0: Called Strike 0-1: Fly out, F9 (Flyball, 9S)
|
Batting: LHB Jake Bauers
|
0-0: Swinging Strike 0-1: Ball 1-1: Foul Ball, location: 2F 1-2: Strikes out swinging
|
Batting: RHB Anthony Alford
|
0-0: Fly out, F9 (Flyball, 89D)
|
Bottom of the 6th over - 0 runs, 0 hits, 0 errors, 0 left on base; Miami 3 - Colorado 1 |
TOP OF THE 7TH |
Miami Marlins batting - Pitching for Colorado Rockies : RHP Mauricio Cabrera
|
Batting: RHB Yasmany Tomas
|
0-0: Called Strike 0-1: Fly out, F8 (Flyball, 8LXD)
|
Batting: RHB C.J. Cron
|
0-0: Ball 1-0: Called Strike 1-1: Ground out 6-3 (Groundball, 6)
|
Batting: RHB Rob Refsnyder
|
0-0: Ground out 1-3 (Groundball, 13S)
|
Top of the 7th over - 0 runs, 0 hits, 0 errors, 0 left on base; Miami 3 - Colorado 1 |
BOTTOM OF THE 7TH |
Colorado Rockies batting - Pitching for Miami Marlins : RHP Bartolo Colon
|
Batting: RHB Brandon Guyer
|
0-0: Ball 1-0: Called Strike 1-1: Ball 2-1: Ball 3-1: Base on Balls
|
Batting: RHB Brett Lawrie
|
0-0: Ball 1-0: Called Strike 1-1: DOUBLE (Line Drive, 8RXD) Brandon Guyer to third
|
Batting: RHB Bryce Brentz
|
0-0: Called Strike 0-1: Ball 1-1: Ball 2-1: Swinging Strike 2-2: Foul Ball, location: 2F 2-2: Ground out 5-3 (Groundball, 25)
|
Batting: RHB Jordy Mercer
|
0-0: Ball 1-0: Foul Ball, location: 2F 1-1: Ground out 4-3 (Groundball, 34)
|
Batting: RHB Martin Prado
|
0-0: Called Strike 0-1: Foul Ball, location: 2F 0-2: Ball 1-2: Ground out 6-3 (Groundball, 56)
|
Bottom of the 7th over - 0 runs, 1 hit, 0 errors, 2 left on base; Miami 3 - Colorado 1 |
TOP OF THE 8TH |
Miami Marlins batting - Pitching for Colorado Rockies : RHP Mauricio Cabrera
|
Batting: RHB Danny Valencia
|
0-0: Ball 1-0: Swinging Strike 1-1: Ball 2-1: Called Strike 2-2: Foul Ball, location: 2F 2-2: Strikes out swinging
|
Batting: RHB Francisco Pena
|
0-0: Foul Ball, location: 2F 0-1: Ball 1-1: Fly out, F6 (Popup, 56)
|
Batting: RHB Bartolo Colon
|
0-0: SINGLE (Line Drive, 34D)
|
Batting: RHB Ian Desmond
|
0-0: Ball 1-0: Called Strike 1-1: Swinging Strike 1-2: Fly out, F8 (Flyball, 78M)
|
Top of the 8th over - 0 runs, 1 hit, 0 errors, 1 left on base; Miami 3 - Colorado 1 |
BOTTOM OF THE 8TH |
Colorado Rockies batting - Pitching for Miami Marlins : RHP Bartolo Colon
|
Batting: SHB Sandy Leon
|
0-0: SINGLE (Line Drive, 8RS)
|
Batting: RHB Mauricio Cabrera
|
0-0: Ball 1-0: Swinging Strike 1-1: Swinging Strike 1-2: Ball 2-2: Strikes out swinging
|
Batting: LHB Jake Bauers
|
0-0: Foul Ball, location: 2F 0-1: Ball 1-1: Fielders Choice at 2nd, 4-6 (Groundball, 4)
|
Batting: RHB Anthony Alford
|
0-0: Called Strike 0-1: Fly out, F8 (Flyball, 78D)
|
Bottom of the 8th over - 0 runs, 1 hit, 0 errors, 1 left on base; Miami 3 - Colorado 1 |
TOP OF THE 9TH |
Miami Marlins batting - Pitching for Colorado Rockies : RHP Mauricio Cabrera
|
Batting: RHB Dan Robertson
|
0-0: DOUBLE (Line Drive, 89M)
|
Batting: SHB Francisco Lindor
|
0-0: Ball 1-0: Foul Ball, location: 2F 1-1: SINGLE (Groundball, 6S) (infield hit) Dan Robertson to third
|
Batting: RHB Yasmany Tomas
|
0-0: Ball 1-0: Swinging Strike 1-1: Ball 2-1: Called Strike 2-2: Strikes out swinging
|
Batting: RHB C.J. Cron
|
0-0: Ball 1-0: Ball 2-0: SINGLE (Groundball, 56D) Dan Robertson scores Francisco Lindor to second
|
Batting: RHB Rob Refsnyder
|
0-0: Ball 1-0: Called Strike 1-1: DOUBLE (Flyball, 8RXD) Francisco Lindor scores C.J. Cron to third
|
Batting: RHB Danny Valencia
|
0-0: Ball 1-0: Called Strike 1-1: Foul Ball, location: 2F 1-2: Ball 2-2: Foul Ball, location: 2F 2-2: SINGLE (Line Drive, 8LS) C.J. Cron scores Rob Refsnyder to third
|
Batting: RHB Francisco Pena
|
0-0: Ball 1-0: SINGLE (Groundball, 4MD) Rob Refsnyder scores Danny Valencia to second Runner from 2nd tries for 3rd, SAFE, throw by CF made to third
|
Pinch Hitting: LHB Alex Gordon
|
0-0: Called Strike 0-1: Ball 1-1: Ball 2-1: Swinging Strike 2-2: Ball 3-2: Base on Balls Francisco Pena to second
|
Pitching: RHP Mike Fiers
|
|
Batting: RHB Ian Desmond
|
0-0: Ball 1-0: Ball 2-0: Ball 3-0: Called Strike 3-1: Base on Balls Danny Valencia scores Francisco Pena to third Alex Gordon to second
|
Batting: RHB Dan Robertson
|
0-0: Called Strike 0-1: Ball 1-1: Ball 2-1: Swinging Strike 2-2: Ball 3-2: Foul Ball, location: 2F 3-2: Strikes out swinging
|
Batting: SHB Francisco Lindor
|
0-0: SINGLE (Flyball, 78S) Francisco Pena scores Alex Gordon to third Ian Desmond to second Runner from 3rd tries for Home, SAFE, no throw by LF
|
Batting: RHB Yasmany Tomas
|
0-0: Ball 1-0: Ball 2-0: Ball 3-0: Base on Balls Ian Desmond to third Francisco Lindor to second
|
Batting: RHB C.J. Cron
|
0-0: Fly out, F3 (Flyball, 34D)
|
Top of the 9th over - 7 runs, 7 hits, 0 errors, 3 left on base; Miami 10 - Colorado 1 |
BOTTOM OF THE 9TH |
Colorado Rockies batting - Pitching for Miami Marlins : RHP Bartolo Colon
|
Pitching: RHP Craig Stammen
|
|
Now at 2B: Charlie Culberson
|
|
Batting: RHB Brandon Guyer
|
0-0: Ball 1-0: Called Strike 1-1: Foul Ball, location: 2F 1-2: Foul Ball, location: 2F 1-2: SINGLE (Line Drive, 8RS)
|
Batting: RHB Brett Lawrie
|
0-0: Ball 1-0: Foul Ball, location: 2F 1-1: Foul Ball, location: 2F 1-2: Fielders Choice at 2nd, 5-4 (Groundball, 56)
|
Batting: RHB Bryce Brentz
|
0-0: Ball 1-0: Ball 2-0: Swinging Strike 2-1: Foul Ball, location: 2F 2-2: Ball 3-2: Strikes out swinging
|
Batting: RHB Jordy Mercer
|
0-0: Fly out, F9 (Flyball, 9S)
|
Bottom of the 9th over - 0 runs, 1 hit, 0 errors, 1 left on base; Miami 10 - Colorado 1 |
|